 Dungeon Crawl Stone Soup version 0.30.0-13-g156ef70053 (webtiles) character file.

Game seed: 16911891247423879590

24 SnakkuSnakku7 the Shooter (level 3, -5/20 HPs)
             Began as a Tengu Hexslinger on May 17, 2023.
             Slain by Natasha (7 damage)
             ... on level 2 of the Dungeon.
             The game lasted 00:01:15 (942 turns).

SnakkuSnakku7 the Shooter (Tengu Hexslinger)         Turns: 942, Time: 00:01:16

Health: -5/20      AC:  2    Str: 10    XL:     3   Next: 2%
Magic:  5/5        EV: 12    Int: 13    God:
Gold:   61         SH:  0    Dex: 16    Spells: 3/4 levels left

rFire   . . .        a - +1 sling
rCold   . . .        (no shield)
rNeg    + . .        c - +0 robe
rPois   .            (helmet restricted)
rElec   .            (no cloak)
rCorr   .            (no gloves)
SInv    .            (boots unavailable)
Will    .....        (no amulet)
Stlth   +            h - ring of positive energy
HPRegen 0.23/turn    (no ring)
MPRegen 0.09/turn

%: no passive effects
@: no status effects
A: beak, talons 3
a: no special abilities


You were on level 2 of the Dungeon.
You visited 1 branch of the dungeon, and saw 2 of its levels.

You collected 61 gold pieces.

Inventory:

Hand Weapons
 a - a +1 sling (weapon)
Armour
 c - a +0 robe (worn)
 j - a +0 ring mail
Jewellery
 h - a ring of positive energy (left hand)
Scrolls
 b - a scroll of poison
 d - a scroll of teleportation {unknown}
 e - a scroll of acquirement {unknown}
 f - a scroll of immolation {unknown}
Potions
 g - a potion of haste {unknown}
 i - a potion of might {unknown}


   Skills:
 - Level 1.0 Fighting
 + Level 3.7 Ranged Weapons
 - Level 2.1 Dodging
 - Level 1.0 Spellcasting
 - Level 2.1 Hexes


You had 3 spell levels left.
You knew the following spells:

 Your Spells              Type           Power      Damage    Failure   Level
a - Slow                  Hex            24%        N/A       12%         1

Your spell library contained the following spells:

 Spells                   Type           Power      Damage    Failure   Level
 Sandblast                Erth           0%         2d4       28%         1
 Passwall                 Tmut/Erth      0%         N/A       38%         2
 Inner Flame              Hex/Fire       3%         N/A       47%         3
 Portal Projectile        Hex/Tloc       6%         N/A       47%         3
 Stone Arrow              Conj/Erth      0%         3d7       63%         3
 Cause Fear               Hex            3%         N/A       75%         4


Dungeon Overview and Level Annotations

Branches:
Dungeon (2/15)

Altars:
Gozag

Annotations:
D:2 Natasha


Innate Abilities, Weirdness & Mutations

You have a beak for a mouth.
You have claws for feet.


Message History

You shoot a sling bullet. The sling bullet hits the ball python!
You kill the ball python!
No target in view!
No target in view!
No target in view!
You see here a ball python corpse.
You start removing your armour.
You continue taking off your +0 ring mail. x4
You finish taking off your +0 ring mail.
You start putting on your armour.
You continue putting on your +0 robe. x5
You finish putting on your +0 robe.
Found a stone staircase leading down.
You now have 61 gold pieces (gained 8).
Found a stone staircase leading down.
No target in view!
Found an opulent altar of Gozag.
There is a stone staircase leading down here.
Natasha, Servant of Life and Death comes into view.
Natasha casts a spell at you. The magic dart hits you!
Natasha is nearby!
You shoot a sling bullet. The sling bullet hits Natasha.
Natasha is moderately wounded.
You shoot a sling bullet. The sling bullet hits Natasha!
Natasha is almost dead.
Natasha wildly gestures.
You feel troubled.
You shoot a sling bullet.
The sling bullet closely misses Natasha.
Natasha casts a spell.
You shoot a sling bullet.
The sling bullet closely misses Natasha.
The sling bullet hits the cerulean imp.
The cerulean imp is moderately wounded.
You shoot a sling bullet. The sling bullet barely misses Natasha.
Natasha claws you.
The cerulean imp hits you from afar with a +1 spear.
* * * LOW HITPOINT WARNING * * *
Natasha claws you!
You die...

#......#..###. #..
#.##......#.#. ##..
#.###..##.#.#. .###...
.............. .......
###.###..##.#.#.
#.....##...........#.#.
#.._.5#.##.###.....#.#.
#....h#.##.............
#.....@.##.###.###.#.#.
#.###.#.##..######.#.#.
#...>...............
#......................
#####.#.##..#####..#.#.
#.#............#.#.
#.#####.##..##.#.#. #.
.##..##...#. .##.
....>..


You could see Natasha and a cerulean imp (summoned).

Vanquished Creatures
  A worm (D:2)
  4 ball pythons
  An endoplasm (D:1)
  4 goblins (D:1)
  A hobgoblin (D:1)
  2 quokkas
  2 bats (D:1)
  2 kobolds (D:1)
  3 rats (D:1)
20 creatures vanquished.

Notes
Turn   | Place    | Note
-------+----------+-------------------------------------------
     0 | D:1      | SnakkuSnakku7 the Tengu Hexslinger began the quest for the
                  | Orb.
     0 | D:1      | Reached XP level 1. HP: 12/12 MP: 3/3
   131 | D:1      | Reached XP level 2. HP: 16/16 MP: 4/4
   136 | D:1      | Reached skill level 3 in Ranged Weapons
   822 | D:2      | Reached XP level 3. HP: 6/20 MP: 5/5
   933 | D:2      | Found an opulent altar of Gozag.
   937 | D:2      | Noticed Natasha
   942 | D:2      | Slain by Natasha

Illustrated notes

Levels and vault maps discovered:
D:1:      minmay_arrival_arboretum_small, layout_loops_ring
D:2:      layout_basic, shapermc_ecumenical_altar_notcrosses, basic_altar,
          uniq_natasha

Skill      XL: |  1  2 |
---------------+-------+-----
Ranged Weapons | 3 |  3.7
Fighting       | |  1.0
Dodging        | |  2.1
Spellcasting   | |  1.0
Hexes          | |  2.1

Action                     || total
---------------------------++-------
   Fire: Sling             ||    70
 Armour: Robe              ||     3
  Dodge: Dodged            ||     6
